 Dungeon Crawl Stone Soup version 0.27-a0-705-ga0013940fb (webtiles) character file.

Game seed: 18109900077493818299

729 robertstho the Cudgeller (level 7, -6/44 HPs)
             Began as a Gargoyle Monk on Mar 22, 2021.
             Mangled by an orc warrior
             ... wielding a +0 scimitar
              (10 damage)
             ... on level 6 of the Dungeon.
             The game lasted 00:07:53 (5901 turns).

robertstho the Cudgeller (Gargoyle Monk)            Turns: 5901, Time: 00:07:54

Health: -6/44      AC: 15    Str: 14 (16) XL:     7   Next: 73%
Magic:  7/7        EV:  7    Int:  8 (11) God:
Gold:   144        SH:  5    Dex: 10 (12) Spells: 6/6 levels left

rFire    + . .     SeeInvis .   h - +0 flail
rCold    + . .     Faith    .   (no shield)
rNeg     + . .     Spirit   .   o - +0 chain mail
rPois    ∞         Reflect  +   (no helmet)
rElec    +         Harm     .   d - scarf {rC+ rF+}
rCorr    .         Rampage  .   (no gloves)
Will     .....                  g - +0 pair of boots
Stlth    ..........             e - amulet of reflection
HPRegen  0.14/turn              (no ring)
MPRegen  0.10/turn              (no ring)

@: no status effects
A: AC +4, negative energy resistance 1, electricity resistance, torment
resistance 1, unbreathing 1, petrification resistance
a: no special abilities


You were on level 6 of the Dungeon.
You visited 1 branch of the dungeon, and saw 6 of its levels.

You collected 144 gold pieces.

Inventory:

Hand Weapons
 a - a +1 mace
 h - a +0 flail (weapon)
Armour
 d - a scarf of resistance (worn)
 g - a +0 pair of boots (worn)
 o - a +0 chain mail (worn)
Jewellery
 e - an amulet of reflection (around neck)
Scrolls
 b - a scroll of immolation
 c - a scroll of teleportation
 f - a scroll of enchant weapon
 k - a scroll of acquirement {unknown}
 l - a scroll of random uselessness {unknown}
Potions
 j - 4 potions of flight
 p - a potion of ambrosia {unknown}


   Skills:
 * Level 5.5 Fighting
 * Level 6.2 Maces & Flails
 * Level 3.7 Armour
 + Level 3.1 Dodging
 - Level 2.1 Stealth
 + Level 1.3 Shields


You had 6 spell levels left.
You didn't know any spells.
Your spell library contained the following spells:

 Spells                   Type           Power      Damage    Failure   Level
 Magic Dart               Conj           0%         1d3       100%        1
 Blink                    Tloc           N/A        N/A       100%        2
 Call Imp                 Summ           0%         N/A       100%        2
 Slow                     Hex            0%         N/A       100%        2
 Conjure Flame            Conj/Fire      0%         6-21      100%        3
 Mephitic Cloud           Conj/Pois/Air  0%         N/A       100%        3


Dungeon Overview and Level Annotations

Branches:
Dungeon (6/15)
 Temple: D:4-7

Altars:
Kikubaaqudgha
Ru
Trog


Innate Abilities, Weirdness & Mutations

Your stone body is resilient. (AC +4)
You are immune to poison.
You resist negative energy. (rN+)
You are resistant to electric shocks. (rElec)
You are resistant to unholy torment.
You can survive without breathing.
You are immune to petrification.


Message History

The orc priest invokes the aid of Beogh against you.
Pain shoots through your body!
The orc warrior hits you but does no damage.
You are too injured to fight recklessly!
You are too injured to fight recklessly!
Unknown command.
The worker ant bites you but does no damage.
You block the orc's attack.
The worker ant waves its antennae.
You block the orc's attack.
The orc priest calls down the wrath of Beogh upon you.
Beogh smites you!
* * * LOW HITPOINT WARNING * * *
A white imp comes into view.
The orc warrior hits you but does no damage.
You block the orc's attack. The white imp gestures at you.
The puff of frost misses you.
It was a potion of lignification.
You turn into a tree.
Your scarf of resistance melds into your body.
Your +0 pair of boots melds into your body.
Your +0 chain mail melds into your body.
You feel hot and cold all over.
Your roots penetrate the ground.
The orc warrior hits you with a +0 scimitar.
* * * LOW HITPOINT WARNING * * *
Okay, then.
It was a potion of degeneration.
There was something very wrong with that liquid.
You feel weakened.
You feel dopey.
You feel clumsy. You block the orc warrior's attack.
It was a potion of cancellation.
Your magical effects are unravelling.
You feel magically purged.
You feel less wooden.
Your scarf of resistance unmelds from your body.
Your +0 pair of boots unmelds from your body.
Your +0 chain mail unmelds from your body.
You feel resistant to extremes of temperature.
The orc warrior hits you with a +0 scimitar!
You die...

#.####......##
#.).......)...
######......##
#<..........#
######5#.#####.
###..........
#Boo........#
#o#.........#
#@#..o......#
#.#oB.......#
#.#.........#
#.#...$......
#.####.#.....
#.. ....... ###
...#### ...#
...#


You could see an orc warrior, a worker ant, a white imp and an orc.

Vanquished Creatures
  An ogre (D:5)
  A centaur (D:6)
  2 phantoms
  A scorpion (D:5)
  A howler monkey (D:5)
  An orc priest (D:4)
  2 iguanas
  3 worker ants
  4 gnolls (D:2)
  4 adders
  A worm (D:3)
  A dart slug (D:3)
  11 orcs
  7 bats
  6 giant cockroaches
  3 goblins
  5 hobgoblins
  7 jackals
  3 kobolds
  5 oozes
  10 quokkas
  8 ball pythons
  3 frilled lizards
  4 rats
94 creatures vanquished.

Notes
Turn   | Place    | Note
-------+----------+-------------------------------------------
     0 | D:1      | robertstho the Gargoyle Monk began the quest for the Orb.
     0 | D:1      | Reached XP level 1. HP: 14/14 MP: 1/1
   296 | D:1      | Reached XP level 2. HP: 14/19 MP: 2/2
  1243 | D:2      | Reached XP level 3. HP: 2/24 MP: 3/3
  1681 | D:2      | Reached skill level 1 in Armour
  1681 | D:2      | Reached XP level 4. HP: 19/29 MP: 4/4
  1708 | D:2      | Reached skill level 4 in Maces & Flails
  2544 | D:3      | Reached XP level 5. HP: 32/34 MP: 5/5
  3028 | D:3      | Found a bloodstained altar of Trog.
  3966 | D:4      | Found a sacrificial altar of Ru.
  4080 | D:4      | Reached XP level 6. HP: 9/39 MP: 6/6
  4934 | D:5      | Entered Level 5 of the Dungeon
  4944 | D:5      | Reached skill level 5 in Maces & Flails
  5045 | D:5      | Reached skill level 1 in Shields
  5354 | D:5      | Reached skill level 5 in Fighting
  5354 | D:5      | Reached XP level 7. HP: 37/44 MP: 7/7
  5414 | D:5      | Found an ancient bone altar of Kikubaaqudgha.
  5808 | D:6      | Reached skill level 6 in Maces & Flails
  5901 | D:6      | Mangled by an orc warrior

Illustrated notes

Levels and vault maps discovered:
D:1:      amcnicky_arrival_feature_with_door, layout_basic
D:2:      layout_rooms
D:3:      layout_basic, lightli_temple_of_fire, grunt_decor_fettered,
          minmay_misc_feat_enclosed
D:4:      layout_basic, nicolae_ru_awakened_eye
D:5:      layout_rooms, kennysheep_small_circle
D:6:      corexii_shack_village, layout_basic, uniq_pikel

Skill      XL: |  1  2  3  4  5  6  7 |
---------------+----------------------+-----
Armour         | 1 2 3 |  3.7
Maces & Flails | 4 5 6 |  6.2
Fighting       | 4 5 |  5.5
Dodging        | 3 |  3.1
Shields        | 1 |  1.3
Stealth        | |  2.1

Action                   |  1- 3 |  4- 6 |  7- 9 || total
-------------------------+-------+-------+-------++-------
Melee: Mace              |   110 |    67 |       ||   177
       Flail             |       |   182 |    60 ||   242
  Use: Scroll            |     2 |     4 |       ||     6
       Potion            |     2 |     1 |     3 ||     6
 Stab: Sleeping          |     2 |       |       ||     2
Armor: Robe              |    58 |    10 |       ||    68
       Scale mail        |       |    86 |       ||    86
       Chain mail        |       |       |    41 ||    41
Dodge: Dodged            |   106 |   147 |    22 ||   275
Block: Other             |       |    57 |    14 ||    71
       Reflection        |       |       |     1 ||     1

Table legend: (Time is in decaauts)
 A = Elapsed time spent in this place.
 B = Non-inter-level travel time spent in this place.
 C = Inter-level travel time spent in this place.
 D = Time resting spent in this place.
 E = Time spent auto-exploring this place.
 F = Levels seen in this place.
 G = Mean time per level.
                   A        B        C        D        E       F      G
               +--------+--------+--------+--------+--------+-----+--------+
         Total |   5993 |   5653 |    340 |   1534 |   3146 |   6 |  998.8 |
       Dungeon |   5993 |   5653 |    340 |   1534 |   3146 |   6 |  998.8 |
               +--------+--------+--------+--------+--------+-----+--------+

Top non-repeatable levels by time:
     D:1: 1400 daAuts
     D:4: 1315 daAuts
     D:3: 1209 daAuts
     D:2: 1086 daAuts
     D:5: 869 daAuts
     D:6: 112 daAuts
